 Dungeon Crawl Stone Soup version 0.30.0-18-gc0e69614cb (webtiles) character file.

Game seed: 14064676300114617022

1533 javelincjr the Sneak (level 8, -8/54 HPs)
             Began as an Octopode Conjurer on May 24, 2023.
             Mangled by an orc warrior
             ... wielding a +0 halberd
              (10 damage)
             ... on level 6 of the Dungeon.
             The game lasted 00:29:58 (7028 turns).

javelincjr the Sneak (Octopode Conjurer)            Turns: 7028, Time: 00:29:59

Health: -8/54      AC:  1    Str:  6    XL:     8   Next: 85%
Magic:  0/15       EV: 14    Int: 23    God:
Gold:   264        SH:  0    Dex: 10    Spells: 13/16 levels left

rFire   + + .        i - +1 mace "Arbiter" {protect, rF++}
rCold   . . .        (no shield)
rNeg    . . .        (helmet restricted)
rPois   .            (no amulet)
rElec   .            t - ring of flight
rCorr   .            (no ring)
SInv    .            (no ring)
Will    .....        (no ring)
Stlth   ++++         (no ring)
HPRegen 0.29/turn    (no ring)
MPRegen 0.14/turn    (no ring)
                     (no ring)

%: no passive effects
@: mighty, weak-willed, flying
A: almost no armour, amphibious, 8 rings, camouflage 1, gelatinous body 1,
(nimble swimmer 1), tentacles
a: no special abilities


You were on level 6 of the Dungeon.
You visited 2 branches of the dungeon, and saw 7 of its levels.

You collected 264 gold pieces.

Inventory:

Hand Weapons
 i - the +1 mace "Arbiter" (weapon) {protect, rF++}
   (You found it on level 2 of the Dungeon)

   rF:        It greatly protects you from fire.
 o - a +2 whip of draining
 v - a +4 quarterstaff of chaos
Missiles
 x - 3 throwing nets
Jewellery
 t - a ring of flight (left tentacle)
Scrolls
 b - 11 scrolls of identify {unknown}
 e - 2 scrolls of vulnerability
 f - 3 scrolls of noise {unknown}
 g - a scroll of amnesia {unknown}
 j - a scroll of fog {unknown}
 l - a scroll of torment {unknown}
 m - a scroll of acquirement {unknown}
 n - a scroll of fear {unknown}
 q - a scroll of teleportation {unknown}
 r - a scroll of silence {unknown}
Potions
 a - 2 potions of magic
 d - a potion of might
 h - 2 potions of lignification {unknown}
 k - a potion of resistance {unknown}
 p - 2 potions of degeneration {unknown}
 s - a potion of attraction {unknown}
 u - a potion of curing {unknown}
 w - a potion of berserk rage {unknown}


   Skills:
 + Level 4.3 Fighting
 + Level 5.1 Dodging
 + Level 7.3 Stealth
 + Level 4.8 Spellcasting
 + Level 6.3 Conjurations


You had 13 spell levels left.
You knew the following spells:

 Your Spells              Type           Power      Damage    Failure   Level
a - Magic Dart            Conj           100%       1d8       1%          1
b - Searing Ray           Conj           68%        2d6       1%          2

Your spell library contained the following spells:

 Spells                   Type           Power      Damage    Failure   Level
 Dazzling Flash           Conj/Hex       40%        N/A       8%          3
 Fulminant Prism          Conj/Hex       10%        3d9       26%         4
 Iskenderun's Mystic Bla  Conj/Tloc      20%        2d6       26%         4
 Summon Guardian Golem    Hex/Summ       5%         N/A       28%         3
 Orb of Destruction       Conj           17%        9d7       99%         7
 Spellforged Servitor     Conj/Summ      10%        N/A       100%        7


Dungeon Overview and Level Annotations

Branches:
Dungeon (6/15)             Temple (1/1) D:5

Altars:
Ashenzari
Cheibriados
Dithmenos
Elyvilon
Fedhas
Hepliaklqana
Kikubaaqudgha
Makhleb
Nemelex Xobeh
Okawaru
Qazlal
Ru
Trog
Uskayaw
Vehumet
Wu Jian
Xom
Yredelemnul
Zin

Annotations:
D:3 2 transporters


Innate Abilities, Weirdness & Mutations

You cannot wear most types of armour.
You are amphibious.
You can wear up to eight rings at the same time.
Your skin changes colour to match your surroundings (Stealth+).
Your rubbery body absorbs attacks. (AC +1, EV +1)
((You are camouflaged when in or above water. (Stealth+)))
You have tentacles for arms and can constrict up to eight enemies at once.


Message History

The orc warrior is lightly wounded.
The orc warrior hits you from afar with a +0 halberd!
The searing ray hits the orc warrior!
The orc warrior is heavily wounded.
The searing ray hits the orc!
You kill the orc!
The orc warrior hits you from afar with a +0 halberd.
An orc comes into view. It is wielding a +0 whip.
The searing ray hits the orc warrior.
The orc warrior is severely wounded.
You finish channelling your searing ray.
The orc warrior hits you from afar with a +0 halberd!
Casting: Searing Ray (safe; 1% risk of failure)
Confirm with . or Enter, or press ? or * to list all spells.
Aiming: Searing Ray (safe; 1% risk of failure)
Press: ? - help, Shift-Dir - straight line, f/p - orc warrior
Aim: an orc warrior, wielding a +0 halberd and wearing a +0 chain mail (severely wounded, 78% to hit)
The searing ray misses the orc warrior. (Press . to maintain the ray.)
You hear a shout!
The orc warrior hits you from afar with a +0 halberd!!
* * * LOW HITPOINT WARNING * * *
An orc comes into view. It is wielding a +0 trident.
Without enough magic to sustain it, your searing ray dissipates.
The orc warrior barely misses you.
An orc comes into view. It is wielding a +0 dagger.
It was a potion of might.
You feel very mighty all of a sudden. The orc warrior closely misses you.
Okay, then.
As you read the scroll labelled FAIRRA MEEST, it crumbles to dust.
It is a scroll of enchant armour.
You aren't carrying any armour which can be enchanted further.
The orc warrior hits you from afar with a +0 halberd!
* * * LOW HITPOINT WARNING * * *
As you read the scroll labelled QIWKAI QUHU, it crumbles to dust.
The orc shouts!
Magic quickly surges around you.
It was a scroll of vulnerability.
The orc warrior hits you from afar with a +0 halberd!
You die...

##.#...... #..#...... .....
#......... # ....
########...#.. ###. .o.
...........#.. ..o. ...
......)....... #..##.#
........##....
.(...################......
#.)#.[##@...#............
###†............)###......
##......ooo....#..###......
#........o##...#....##<.##.
#..........##..........##
##.....#.)###....#.#..##..
#.....##..........###....##
#.........#........##......
###.....####......o........


You could see an orc warrior (weak-willed) and 3 orcs.

Vanquished Creatures
  Sigmund (D:2)
  Eustachio (D:5)
  A sky beast (D:6)
  A black bear (D:5)
  An ogre (D:6)
  A phantom (D:5)
  A scorpion (D:6)
  A gnoll sergeant (D:6)
  A howler monkey (D:4)
  4 hounds
  4 orc priests
  Crazy Yiuf (D:2)
  A gnoll bouda (D:5)
  4 iguanas
  4 orc wizards
  8 gnolls
  3 adders
  2 white imps
  An ufetubus (D:5)
  2 dart slugs (D:2)
  18 orcs
  7 ball pythons
  12 endoplasms
  8 giant cockroaches
  9 goblins
  7 hobgoblins
  A jackal (D:2)
  2 quokkas
  3 bats
  4 frilled lizards
  11 kobolds
  12 rats
137 creatures vanquished.

Notes
Turn   | Place    | Note
-------+----------+-------------------------------------------
     0 | D:1      | javelincjr the Octopode Conjurer began the quest for the
                  | Orb.
     0 | D:1      | Reached XP level 1. HP: 11/11 MP: 3/3
   349 | D:1      | Reached skill level 3 in Stealth
   349 | D:1      | Reached XP level 2. HP: 17/17 MP: 0/5
   763 | D:1      | Reached XP level 3. HP: 16/21 MP: 3/6
  1772 | D:2      | Identified the +1 mace "Arbiter" {protect, rF++}
  1778 | D:2      | Reached XP level 4. HP: 25/27 MP: 7/7
  1960 | D:2      | Found a runed translucent door.
  1960 | D:2      | Noticed Sigmund
  1961 | D:2      | Noticed Crazy Yiuf
  2314 | D:2      | Learned a level 2 spell: Searing Ray
  2383 | D:3      | Reached skill level 1 in Fighting
  2636 | D:3      | Found a sparkling altar of Nemelex Xobeh.
  2729 | D:3      | Noticed a water moccasin
  2734 | D:3      | Found a transporter.
  2752 | D:3      | Reached skill level 4 in Stealth
  2752 | D:3      | Reached XP level 5. HP: 33/33 MP: 4/9
  2858 | D:3      | Noticed an ogre
  3017 | D:3      | Found a snail-covered altar of Cheibriados.
  3029 | D:3      | Found a transporter.
  3120 | D:3      | Reached XP level 6. HP: 34/39 MP: 10/10
  3650 | D:4      | Reached skill level 5 in Conjurations
  4038 | D:4      | Reached skill level 5 in Stealth
  4308 | D:4      | Found an ancient bone altar of Kikubaaqudgha.
  4317 | D:4      | Found a burning altar of Makhleb.
  4321 | D:4      | Found a hazy altar of Hepliaklqana.
  4401 | D:5      | Entered Level 5 of the Dungeon
  4438 | D:5      | Found a white marble altar of Elyvilon.
  4438 | D:5      | Noticed Eustachio
  4608 | D:2      | Killed Crazy Yiuf
  4610 | D:2      | Killed Sigmund
  4611 | D:2      | Reached XP level 7. HP: 12/45 MP: 1/12
  4895 | D:5      | Killed Eustachio
  5195 | D:5      | Reached skill level 6 in Stealth
  5509 | D:5      | Reached XP level 8. HP: 46/52 MP: 2/14
  5916 | D:5      | Found a staircase to the Ecumenical Temple.
  5923 | Temple   | Entered the Ecumenical Temple
  6637 | D:6      | Found a blossoming altar of Fedhas.
  6902 | D:6      | Reached skill level 5 in Dodging
  6902 | D:6      | Reached skill level 7 in Stealth
  7027 | D:6      | HP: 1/54 [orc warrior/+0 halberd (10)]
  7028 | D:6      | Mangled by an orc warrior

Illustrated notes

Levels and vault maps discovered:
D:1:      heliophobic_arrival_dark_side_of_the_moon, layout_basic,
          amcnicky_mini_corridor_feature
D:2:      minmay_evil_eye, layout_rooms, minmay_circled_x,
          uniq_crazy_yiuf_cottage, uniq_sigmund
D:3:      layout_loops_ring, gammafunk_temple_overflow_arena,
          mainiacjoe_overflow_tiny_flanked
D:4:      layout_gridville, minmay_overflow_temple_star_quad
D:5:      layout_basic, elyvilon_altar_4, minmay_temple_entry_enclosed_plants,
          uniq_eustachio
D:6:      layout_cave_pools, mainiacjoe_overflow_six_doors_small,
          lemuel_blue_sif_altar, hangedman_decor_push
Temple:   chequers_temple_sunken

Skill      XL: |  1  2  3  4  5  6  7  8 |
---------------+-------------------------+-----
Stealth        | 3 4 5 6 7 |  7.3
Fighting       | 1 2 3 4 |  4.3
Dodging        | 3 4 5 |  5.1
Spellcasting   | 3 4 |  4.8
Conjurations   | 5 6 |  6.3

Action                     |  1- 3 |  4- 6 |  7- 9 || total
---------------------------+-------+-------+-------++-------
  Melee: Unarmed           |    18 |       |       ||    18
         Tentacles         |     5 |    12 |     2 ||    19
         Constrict         |     6 |    15 |     2 ||    23
         Mace              |     2 |    51 |     8 ||    61
         Punch             |     1 |     1 |     1 ||     3
   Cast: Magic Dart        |    69 |    80 |    51 ||   200
         Searing Ray       |       |    12 |    28 ||    40
    Use: Scroll            |       |       |     2 ||     2
         Potion            |       |       |     1 ||     1
   Stab: Sleeping          |     2 |     5 |       ||     7
 Armour: Skin              |     1 |     8 |     3 ||    12
  Dodge: Dodged            |    11 |    40 |    35 ||    86
